 Dungeon Sprint DCSS version 0.20.1-1-g8b1a95d (webtiles) character file.

1673 potatolord6000 the Grappler (level 8, -12/89 HPs)
             Began as a Troll Monk on Aug 28, 2017.
             Mangled by a yaktaur (19 damage)
             ... while paralysed by a hornet
             ... in the Dungeon (Sprint II: "The Violet Keep of Menkaure").
             The game lasted 00:02:39 (367 turns).

potatolord6000 the Grappler (Troll Monk)             Turns: 367, Time: 00:02:39

Health: -12/89     AC:  7    Str: 22    XL:     8   Next: 70%
Magic:  16/16      EV:  1    Int:  6    God:
Gold:   5          SH:  0    Dex: 12    Spells: 19/19 levels left

rFire    . . .     SeeInvis .     - Unarmed
rCold    . . .     Gourm    +   (no shield)
rNeg     . . .     Faith    .   a - +0 robe
rPois    .         Spirit   .   (helmet restricted)
rElec    .         Reflect  .   g - +1 cloak
rCorr    .         Harm     .   (gloves unavailable)
MR       .....     NoTele   +   (boots unavailable)
Stlth    ++........             (no amulet)
Regen    0.7/turn               e - +4 ring of slaying
MPRegen  0.2/turn               (no ring)

@: paralysed, lethally poisoned (-12 -> -12), slowed
A: unfitting armour, claws 3, fast metabolism 3, gourmand, mutation resistance
1, regeneration 1, shaggy fur 1, tough skin 2
a: no special abilities


You were in the Dungeon.
You were hungry.

You visited 1 branch You collected 972 gold pieces.
You spent 967 gold pieces at shops.

Inventory:

Armour
 a - a +0 robe (worn)
 g - a +1 cloak (worn)
Jewellery
 e - a +4 ring of slaying (left claw)
Scrolls
 h - a scroll of blinking
Potions
 c - a potion of curing
 f - 2 potions of magic
Comestibles
 b - 2 bread rations


   Skills:
 + Level 8.7 Fighting
 + Level 8.7 Dodging
 - Level 1.0 Stealth
 + Level 10.3 Unarmed Combat
 + Level 6.2 Spellcasting


You had 19 spell levels left.
You didn't know any spells.

Dungeon Overview and Level Annotations

Branches:
Dungeon (1/1)

Altars:
Cheibriados
Dithmenos
Elyvilon
Fedhas
Gozag
Hepliaklqana
Kikubaaqudgha
Makhleb
Nemelex Xobeh
Qazlal
Ru
Sif Muna
Trog
Uskayaw
Vehumet
Xom
Yredelemnul
Zin
The Shining One
Beogh
Jiyva
Lugonu

Shops:
D !!:=[=!%}[}:![?(

Annotations:
D exclusions: obsidian statue and oklob plant


Innate Abilities, Weirdness & Mutations

You are too large for most types of armour.
You have claws for hands.
Your metabolism is lightning-fast.
You like to eat raw meat.
Your natural rate of healing is unusually fast.
You are covered in fur. (AC +1)
You have very tough skin. (AC +2)
You are somewhat resistant to further mutation.


Message History

You feel as though you will be slow longer.
The yaktaur barely misses you.
Unknown command.
Unknown command.
You claw the polar bear!
You claw the polar bear, but do no damage.
The polar bear is almost dead.
You feel sick. The hornet stings you.
* * * LOW HITPOINT WARNING * * *
You suddenly lose the ability to move!
The polar bear goes berserk!
The yaktaur hits you but does no damage.
The hornet stings you.
* * * LOW HITPOINT WARNING * * *
You feel as though you will be slow longer.
The polar bear bites you but does no damage.
The polar bear claws you but does no damage.
The polar bear claws you.
* * * LOW HITPOINT WARNING * * *
The yaktaur hits you!!
You die...

### +.### ##..# ...#
...####..## #..# #
#+###.##..# +..# .#
#.##.#.#..# #..# .# (
.<.†###+..####..##.# [[=
#.##.#.#....###.h.##▓▓▓▓
#+###.##§.....≈ych≈≈≈≈≈≈
#†#####≈≈.....≈#@#######
.#..#≈≈§≈≈≈≈§.§#.._..._.
.#.##≈≈≈≈§≈≈≈.§#._._._..
#+##≈≈≈≈≈§§§≈≈≈#_._._._.
≈≈≈≈≈≈≈≈≈§≈§≈≈≈#._._._._
+#+++#≈≈≈≈≈≈§§§#.._._._.
§§§§ ##§≈≈###§§#..._._._
§§§§§§##≈≈# #§§#...._._.
§8§§≈§§+≈§# #§≈#....._


You could see 2 polar bears, a yaktaur and a hornet.

Vanquished Creatures
  A merfolk siren (D)
  A polar bear (D)
  2 hippogriffs (D)
  4 neqoxecs (D)
  Menkaure (D)
  A hell rat (D)
  4 worker ants (D)
14 creatures vanquished.

Vanquished Creatures (others)
  A crocodile (D)
1 creature vanquished.

Grand Total: 15 creatures vanquished

Notes
Turn   | Place    | Note
-------+----------+-------------------------------------------
     0 | D        | potatolord6000 the Troll Monk began the quest for the Orb.
     0 | D        | Reached XP level 1. HP: 22/22 MP: 0/0
     1 | D        | Noticed a neqoxec
     1 | D        | Noticed a neqoxec
     1 | D        | Noticed a neqoxec
     1 | D        | Noticed a neqoxec
     2 | D        | Noticed a crimson imp
     8 | D        | Noticed a quasit
     8 | D        | Noticed a quasit
     9 | D        | Killed a neqoxec
     9 | D        | Reached skill level 5 in Unarmed Combat
     9 | D        | Reached XP level 2. HP: 33/33 MP: 0/4
     9 | D        | Reached XP level 3. HP: 41/41 MP: 0/6
     9 | D        | Reached XP level 4. HP: 49/49 MP: 0/7
    14 | D        | Killed a neqoxec
    14 | D        | Reached skill level 5 in Fighting
    14 | D        | Reached skill level 5 in Dodging
    14 | D        | Reached skill level 6 in Unarmed Combat
    14 | D        | Reached XP level 5. HP: 46/59 MP: 0/9
    14 | D        | Gained mutation: You are somewhat resistant to further mutation. [a neqoxec]
    18 | D        | Killed a neqoxec
    18 | D        | Reached skill level 7 in Unarmed Combat
    18 | D        | Reached XP level 6. HP: 52/68 MP: 0/11
    21 | D        | Killed a neqoxec
    21 | D        | Reached skill level 8 in Unarmed Combat
    21 | D        | Reached XP level 7. HP: 59/76 MP: 0/13
   104 | D        | Noticed a hippogriff
   104 | D        | Noticed a hippogriff
   111 | D        | Killed a hippogriff
   111 | D        | Reached skill level 5 in Spellcasting
   116 | D        | Killed a hippogriff
   116 | D        | Reached skill level 9 in Unarmed Combat
   145 | D        | Noticed a merfolk siren
   151 | D        | Killed a merfolk siren
   151 | D        | Reached XP level 8. HP: 35/88 MP: 15/15
   240 | D        | Found Pups's Antique Armour Shoppe.
   240 | D        | Found Fehiseh's Magic Scroll Shoppe.
   240 | D        | Found Azeajeh's Book Emporium.
   240 | D        | Found Raiteh's Distillery.
   240 | D        | Found Nyatree's Antique Armour Shoppe.
   240 | D        | Found Amihuuc's Gadget Shoppe.
   241 | D        | Found Menop's Gadget Shoppe.
   241 | D        | Found Tuasig's Food Emporium.
   242 | D        | Found Lixej's Distillery.
   242 | D        | Found Ehih Soytz's Jewellery Emporium.
   244 | D        | Found Myroad Hoist's Antique Weapon Emporium.
   245 | D        | Found Kukkarirr's Antique Armour Shoppe.
   245 | D        | Found Nonu's Jewellery Emporium.
   245 | D        | Noticed Menkaure
   245 | D        | Noticed a great orb of eyes
   245 | D        | Noticed an oklob plant
   246 | D        | Found Nara's Distillery.
   246 | D        | Found Ukaumotu's Distillery.
   246 | D        | Found Munecs's Book Shoppe.
   263 | D        | Killed Menkaure
   263 | D        | Reached skill level 10 in Unarmed Combat
   270 | D        | Noticed a death yak
   278 | D        | Noticed a spiny frog
   279 | D        | Noticed a spiny frog
   293 | D        | Bought a +4 ring of slaying for 780 gold pieces
   302 | D        | Bought a glowing cloak for 187 gold pieces
   333 | D        | Noticed an obsidian statue
   345 | D        | Found a roughly hewn altar of Beogh.
   346 | D        | Found a hazy altar of Hepliaklqana.
   346 | D        | Found a snail-covered altar of Cheibriados.
   347 | D        | Found a stormy altar of Qazlal.
   347 | D        | Found a viscous altar of Jiyva.
   347 | D        | Found a shadowy altar of Dithmenos.
   348 | D        | Found a sacrificial altar of Ru.
   348 | D        | Found an ancient bone altar of Kikubaaqudgha.
   348 | D        | Found a white marble altar of Elyvilon.
   349 | D        | Found a deep blue altar of Sif Muna.
   349 | D        | Found a corrupted altar of Lugonu.
   349 | D        | Found a blossoming altar of Fedhas.
   350 | D        | Found a shimmering altar of Xom.
   350 | D        | Found a bloodstained altar of Trog.
   350 | D        | Found a burning altar of Makhleb.
   350 | D        | Found an opulent altar of Gozag.
   350 | D        | Noticed a polar bear
   353 | D        | Found a glowing golden altar of the Shining One.
   353 | D        | Found a basalt altar of Yredelemnul.
   353 | D        | Found a hide-covered altar of Uskayaw.
   354 | D        | Found a glowing silver altar of Zin.
   354 | D        | Found a radiant altar of Vehumet.
   355 | D        | Noticed a hornet
   355 | D        | Noticed a polar bear
   356 | D        | Found a sparkling altar of Nemelex Xobeh.
   357 | D        | Noticed a polar bear
   358 | D        | Noticed a yaktaur
   361 | D        | Killed a polar bear
   365 | D        | HP: 4/89 [polar bear (2)]
   367 | D        | Paralysed by a hornet for 1 turns
   367 | D        | Mangled by a yaktaur

Skill      XL: |  1  2  3  4  5  6  7  8 |
---------------+-------------------------+-----
Fighting       | 4 5 6 8 |  8.7
Dodging        | 4 5 6 8 |  8.7
Unarmed Combat | 5 6 7 8 9 10 | 10.3
Spellcasting   | 2 3 4 5 6 |  6.2
Stealth        | |  1.0

Action                   |  1- 3 |  4- 6 |  7- 9 || total
-------------------------+-------+-------+-------++-------
Melee: Unarmed           |     7 |    11 |    44 ||    62
       Punch             |       |       |     4 ||     4
  Use: Potion            |     1 |       |     2 ||     3
 Stab: Sleeping          |       |       |     1 ||     1
Armor: Robe              |       |       |    23 ||    23
Dodge: Dodged            |       |     7 |    26 ||    33
